AoeStats
← THL

Arabia

509346808Analyzed
1v1 RM · 6d ago on Sep 26, 2026· 57m 58s· 2 players
Game mode
Random Map
Map size
Tiny (2 player)
Population
200
Speed
Normal
Resources
Standard
Victory
Conquest
Starting age
Dark Age
Ending age
Imperial Age
RankedLock teamsTeams togetherTeam positionsShared explorationLock speedFull tech treeHidden civsTurbo modeCheats
Victory
Defeat
🇻🇳 Tatars · Vietnam
1778
+15
🇨🇳 Ethiopians · China
1748
-15
はちみ
6:53 Loom
9:55 Feudal Age
11:10 Double-Bit Axe
10:58 Man-at-Arms
20:15 Castle Age
18:13 Horse Collar
19:51 Fletching
20:22 Crossbowman
20:59 Bodkin Arrow
24:29 Bow Saw
26:24 Wheelbarrow
27:11 Town Watch
29:34 Hand Cart
30:50 Elite Skirmisher
31:51 Padded Archer Armor
34:05 Ballistics
35:06 Gold Mining
38:16 Imperial Age
37:05 Thumb Ring
37:27 Heavy Plow
39:01 Bracer
40:03 Chemistry
38:24 Arbalester
40:36 Conscription
40:34 Leather Archer Armor
41:39 Stone Mining
42:28 Gold Shaft Mining
43:12 Ring Archer Armor
42:17 Sappers
48:26 Masonry
49:57 Siege Engineers
50:36 Torsion Engines
52:23 Architecture
54:46 Guilds
54:57 Squires
55:01 Scale Mail Armor
55:11 Forging
54:45 Halberdier
54:51 Halberdier
57:01 Chain Mail Armor
THL
5:42 Loom
8:57 Feudal Age
10:44 Double-Bit Axe
13:12 Horse Collar
14:44 Fletching
21:10 Castle Age
19:35 Padded Archer Armor
21:13 Elite Skirmisher
23:03 Bow Saw
25:32 Bodkin Arrow
29:04 Leather Archer Armor
30:19 Bloodlines
31:02 Wheelbarrow
30:49 Husbandry
33:12 Ballistics
32:57 Gold Mining
39:44 Imperial Age
38:41 Hand Cart
38:33 Scale Barding Armor
38:54 Scale Barding Armor
40:26 Bracer
41:28 Chemistry
42:00 Ring Archer Armor
41:56 Conscription
42:40 Light Cavalry
43:42 Chain Barding Armor
44:28 Hussar
45:44 Plate Barding Armor
45:20 Forging
48:51 Iron Casting
50:50 Blast Furnace
Connection lost

Rejoining the realm…

Still unreachable

The connection could not be restored.

Session expired

The server has moved on; the page needs a fresh start.